 Dungeon Crawl Stone Soup version 0.28-a0-1356-g2ad6d04315 (webtiles) character file.

Game seed: 261843308440167525

14668 karrick the Blocker (level 12, -3/97 HPs)
             Began as a Gnoll Fighter on Dec 31, 2021.
             Was an Elder of Okawaru.
             Succumbed to a cane toad's poison
             ... on level 2 of the Lair of Beasts.
             The game lasted 00:46:51 (15167 turns).

karrick the Blocker (Gnoll Fighter)                Turns: 15167, Time: 00:46:52

Health: -3/97      AC: 22    Str: 14    XL:     12   Next: 18%
Magic:  22/22      EV:  9    Int: 10    God:    Okawaru [****..]
Gold:   832        SH:  6    Dex: 14    Spells: 25/25 levels left

rFire   . . .      SeeInvis .   d - +3 rapier (elec)
rCold   . . .      Faith    .   c - +0 buckler
rNeg    + + .      Spirit   .   A - +9 chain mail "Laczing" {rN++ rCorr}
rPois   .          Reflect  .   (helmet restricted)
rElec   .          Harm     .   u - +0 cloak
rCorr   +          Rampage  .   p - +2 pair of gloves
Will    .....                   h - +0 pair of boots
Stlth   ..........              (no amulet)
HPRegen 0.26/turn               (no ring)
MPRegen 0.18/turn               (no ring)

@: brilliant, lethally poisoned (-3 -> -39), attractive
A: fangs 1, strong nose, distributed training, antennae 1, deformed body, weak 1
a: Renounce Religion, Heroism, Finesse


You were on level 2 of the Lair of Beasts.
You worshipped Okawaru.
Okawaru was greatly pleased with you.
You visited 3 branches of the dungeon, and saw 16 of its levels.
You also visited: Sewer.

You collected 832 gold pieces.

Inventory:

Hand Weapons
 a - a +0 war axe
 d - a +3 rapier of electrocution (weapon)
 k - a +0 dagger of venom
 n - a +1 dagger of venom
 q - a +5 long sword
 x - the +5 dagger of Joem {vorpal, rCorr}
   (You found it on level 6 of the Dungeon)

   It inflicts extra damage upon your enemies.
   rCorr:     It protects you from acid and corrosion.
 E - a +2 dagger of electrocution
 H - a +4 hand axe
Missiles
 f - a throwing net (quivered)
Armour
 b - a +0 scale mail
 c - a +0 buckler (worn)
 e - an orb of wrath
 h - a +0 pair of boots (worn)
 j - a +0 helmet
 p - a +2 pair of gloves (worn)
 u - a +0 cloak (worn)
 A - the +9 chain mail "Laczing" (worn) {rN++ rCorr}
   (You found it on level 7 of the Dungeon)

   rN:        It greatly protects you from negative energy.
   rCorr:     It protects you from acid and corrosion.
 T - a +0 troll leather armour
 X - +0 acid dragon scales
 Z - the +1 robe of the Salmon {rN+ Int+7}
   (You found it on level 1 of the Lair of Beasts)

   Int:       It affects your intelligence (+7).
   rN:        It protects you from negative energy.
Jewellery
 G - a ring of fire
 K - a ring of ice
 U - a ring of wizardry
 W - a +6 ring of dexterity
Wands
 m - a wand of flame (20)
 B - a wand of polymorph (16)
 D - a wand of digging (7)
 I - a wand of paralysis (6)
 Q - a wand of iceblast (4)
Scrolls
 g - a scroll of holy word
 i - 4 scrolls of enchant armour
 l - 2 scrolls of noise
 v - a scroll of torment
 y - 3 scrolls of enchant weapon
 C - 2 scrolls of brand weapon
 N - 3 scrolls of amnesia
 R - 4 scrolls of teleportation
 S - a scroll of acquirement
 Y - a scroll of vulnerability
Potions
 o - a potion of experience {unknown}
 s - 2 potions of mutation
 t - 2 potions of haste {unknown}
 z - 2 potions of resistance {unknown}
 J - a potion of brilliance
 L - 9 potions of degeneration
 M - a potion of magic {unknown}
 O - 2 potions of attraction
 P - 3 potions of ambrosia {unknown}
 V - 2 potions of lignification {unknown}


   Skills:
 + Level 9.7 Fighting
 + Level 7.0 Short Blades
 + Level 7.0 Long Blades
 + Level 8.5 Axes
 + Level 7.0 Maces & Flails
 + Level 7.0 Polearms
 + Level 7.0 Staves
 + Level 7.0 Slings
 + Level 7.0 Bows
 + Level 7.0 Crossbows
 + Level 7.0 Throwing
 + Level 9.7 Armour
 + Level 7.0 Dodging
 + Level 7.0 Stealth
 + Level 9.7 Shields
 + Level 7.0 Unarmed Combat
 + Level 7.0 Spellcasting
 + Level 5.8 Conjurations
 + Level 5.8 Hexes
 + Level 5.8 Summonings
 + Level 5.8 Necromancy
 + Level 5.8 Translocations
 + Level 5.8 Transmutations
 + Level 5.8 Fire Magic
 + Level 5.8 Ice Magic
 + Level 5.8 Air Magic
 + Level 5.8 Earth Magic
 + Level 5.8 Poison Magic
 + Level 7.7 Invocations
 + Level 7.0 Evocations


You had 25 spell levels left.
You didn't know any spells.
Your spell library contained the following spells:

 Spells                   Type           Power      Damage    Failure   Level
 Apportation              Tloc           44%        N/A       24%         1
 Conjure Flame            Conj/Fire      22%        6-21      58%         3
 Gell's Gravitas          Tloc           22%        N/A       58%         3
 Ignite Poison            Fire/Tmut/Pois 22%        N/A       58%         3
 Lesser Beckoning         Tloc           22%        N/A       58%         3
 Teleport Other           Tloc           22%        N/A       58%         3
 Fulminant Prism          Conj/Hex       11%        3d9       94%         4
 Iskenderun's Mystic Bla  Conj/Tloc      22%        2d6       94%         4
 Sticky Flame             Conj/Fire      22%        2d4       94%         4
 Lee's Rapid Deconstruct  Erth           11%        3d9*      100%        5
 Eringya's Noxious Bog    Tmut/Pois      11%        N/A       100%        6
 Animate Skeleton         Necr           Unusable   N/A       N/A         1
 Summon Small Mammal      Summ           Unusable   N/A       N/A         1
 Summon Forest            Summ/Tloc      Unusable   N/A       N/A         5
 Summon Hydra             Summ           Unusable   N/A       N/A         7

Dungeon Overview and Level Annotations

Branches:
Dungeon (13/15)            Temple (1/1) D:6            Lair (2/6) D:9
    Orc (0/2) D:9           Sewer (visited)
  Swamp: Lair:2-4    Shoals: Lair:2-4     Snake: Lair:2-4    Spider: Lair:2-4
 Vaults: D:13-14

Altars:
Ashenzari
Cheibriados
Dithmenos
Elyvilon
Fedhas
Gozag
Hepliaklqana
Kikubaaqudgha
Makhleb
Nemelex Xobeh
Okawaru
Qazlal
Ru
Sif Muna
Trog
Uskayaw
Vehumet
Wu Jian
Xom
Yredelemnul
Zin
The Shining One

Annotations:
D:4 Sigmund
D:12 Frances


Innate Abilities, Weirdness & Mutations

You have very sharp teeth.
Your uncanny sense of smell can sniff out nearby items.
Your experience applies equally to all skills.
You have a pair of small antennae on your head.
Armour fits poorly on your strangely shaped body.
You are weak. (Str -2)


Message History

The cane toad gives a loud, deep croak!
Found a hand axe.
You completely miss the cane toad.
You bite the cane toad, but do no damage.
The cane toad stings you!
You are poisoned.
The cane toad poisons you!
You hit the cane toad.
The cane toad is lightly wounded.
You feel very sick. The cane toad stings you!
You are lethally poisoned!
The cane toad poisons you!
Okay, then.
It was a potion of mutation.
You feel extremely strange.
You feel weaker.
Your body twists and deforms.
A pair of antennae grows on your head!
Your +0 helmet falls away!
* * * LOW HITPOINT WARNING * * *
You feel extremely sick. The cane toad stings you.
* * * LOW HITPOINT WARNING * * *
Unknown command.
It was a potion of brilliance.
You feel clever all of a sudden.
* * * LOW HITPOINT WARNING * * *
You feel extremely sick. You block the cane toad's attack.
You hit the cane toad but do no damage.
The cane toad is lightly wounded.
* * * LOW HITPOINT WARNING * * *
You feel very sick. The cane toad stings you!
* * * LOW HITPOINT WARNING * * *
You are more poisoned.
The cane toad poisons you!
Unknown command.
It was a potion of attraction.
You feel attractive to monsters.
You die...

#.. ####...##
#..##P......#####
................###
................#.#
..................##
...................##
...........(........###
......F@..............##
........................
.......................P
).......................
..##(.....#.............
. #.#...###.............
####..##.##...........
#.#### #..#........
#.#..........


You could see a cane toad.

Vanquished Creatures
  Snorg (D:13)
  A centaur warrior (D:13)
  2 two-headed ogres
  Pikel (D:6)
  A deep elf pyromancer (D:12)
  A cyclops (D:8)
  A gargoyle (D:12)
  2 cane toads (Lair:1)
  2 kobold demonologists (D:12)
  A polar bear (Lair:2)
  2 trolls
  Grinder (D:6)
  A shadow (D:11)
  3 vampires
  Eustachio (D:4)
  9 yaks
  A basilisk (D:11)
  2 wargs (D:9)
  Menkaure (D:6)
  An acid dragon (D:10)
  2 water moccasins
  An ice beast (D:7)
  4 orc warriors
  A swamp drake (D:9)
  A sky beast (D:5)
  2 black bears
  4 centaurs
  3 ogres
  A lemure (D:6)
  4 kobold brigands
  A phantom (D:6)
  Blork the orc (D:4)
  4 bullfrogs
  A gnoll sergeant (D:9)
  2 scorpions
  A water moccasin skeleton (D:4)
  10 killer bees
  15 wights
  2 howler monkeys (D:10)
  4 centaur zombies
  A hound (D:5)
  4 jellies
  A gnoll shaman (D:7)
  A centaur skeleton (D:6)
  4 orc priests
  A bullfrog skeleton (D:7)
  An iguana (D:7)
  13 orc wizards
  Natasha (twice) (D:3)
  4 hell rats (Lair:1)
  A hound skeleton (D:4)
  2 howler monkey zombies
  Robin (D:3)
  11 gnolls
  12 adders
  A river rat (Sewer)
  2 white imps (D:8)
  An adder skeleton (D:4)
  A worm (D:4)
  37 orcs
  8 ball pythons
  12 endoplasms
  8 giant cockroaches
  19 goblins
  13 hobgoblins
  9 jackals
  26 kobolds
  A quokka (D:2)
  4 bats
  6 frilled lizards
  14 rats
320 creatures vanquished.

Vanquished Creatures (others)
  Sonja (D:12)
  A killer bee (D:7)
  28 plants
30 creatures vanquished.

Grand Total: 350 creatures vanquished

Notes
Turn   | Place    | Note
-------+----------+-------------------------------------------
     0 | D:1      | karrick the Gnoll Fighter began the quest for the Orb.
     0 | D:1      | Reached XP level 1. HP: 23/23 MP: 1/1
   204 | D:1      | Reached XP level 2. HP: 29/29 MP: 2/2
   251 | D:1      | Found a faded altar of an unknown god.
   469 | D:1      | Reached XP level 3. HP: 34/35 MP: 3/3
  1106 | D:3      | Noticed Robin
  1110 | D:3      | Reached skill level 1 in Invocations
  1116 | D:3      | Reached skill level 1 in Short Blades
  1116 | D:3      | Reached skill level 1 in Long Blades
  1116 | D:3      | Reached skill level 1 in Maces & Flails
  1116 | D:3      | Reached skill level 1 in Polearms
  1116 | D:3      | Reached skill level 1 in Staves
  1116 | D:3      | Reached skill level 1 in Slings
  1116 | D:3      | Reached skill level 1 in Bows
  1116 | D:3      | Reached skill level 1 in Crossbows
  1116 | D:3      | Reached skill level 1 in Throwing
  1116 | D:3      | Reached skill level 1 in Dodging
  1116 | D:3      | Reached skill level 1 in Stealth
  1116 | D:3      | Reached skill level 1 in Unarmed Combat
  1116 | D:3      | Reached skill level 1 in Spellcasting
  1116 | D:3      | Reached skill level 1 in Evocations
  1124 | D:3      | Killed Robin
  1125 | D:3      | Reached XP level 4. HP: 21/41 MP: 5/5
  1352 | D:3      | Reached skill level 1 in Conjurations
  1352 | D:3      | Reached skill level 1 in Hexes
  1352 | D:3      | Reached skill level 1 in Summonings
  1352 | D:3      | Reached skill level 1 in Necromancy
  1352 | D:3      | Reached skill level 1 in Translocations
  1352 | D:3      | Reached skill level 1 in Transmutations
  1352 | D:3      | Reached skill level 1 in Fire Magic
  1352 | D:3      | Reached skill level 1 in Ice Magic
  1352 | D:3      | Reached skill level 1 in Air Magic
  1352 | D:3      | Reached skill level 1 in Earth Magic
  1352 | D:3      | Reached skill level 1 in Poison Magic
  1675 | D:3      | Reached XP level 5. HP: 46/47 MP: 6/6
  2007 | D:3      | Noticed Natasha
  2016 | D:3      | Killed Natasha
  2281 | D:3      | Noticed Natasha
  2290 | D:3      | Killed Natasha
  2820 | D:4      | Noticed Eustachio
  2847 | D:4      | Killed Eustachio
  2848 | D:4      | Reached skill level 5 in Axes
  2848 | D:4      | Reached XP level 6. HP: 35/53 MP: 7/9
  2882 | D:4      | Noticed Blork the orc
  2904 | D:4      | Killed Blork the orc
  2905 | D:4      | Reached XP level 7. HP: 18/59 MP: 10/10
  2905 | D:4      | Noticed Sigmund
  2922 | D:5      | Entered Level 5 of the Dungeon
  2996 | D:4      | Found a glowing drain.
  3015 | Sewer    | Entered a sewer
  3405 | Sewer    | Found a viscous altar of Jiyva.
  3904 | D:5      | Reached XP level 8. HP: 53/67 MP: 12/12
  4593 | D:6      | Noticed Grinder
  4597 | D:6      | Paralysed by Grinder for 7 turns
  4647 | D:6      | Identified the +5 dagger of Joem {vorpal, rCorr}
  4790 | D:7      | Identified the +9 chain mail "Laczing" {rN++ rCorr}
  4995 | D:7      | Reached XP level 9. HP: 28/72 MP: 14/14
  6283 | D:8      | Noticed a cyclops
  6581 | D:9      | Reached skill level 5 in Invocations
  6729 | D:9      | Reached XP level 10. HP: 48/80 MP: 17/17
  6877 | D:9      | Found a staircase to the Lair.
  7216 | D:9      | Reached skill level 5 in Short Blades
  7216 | D:9      | Reached skill level 5 in Long Blades
  7216 | D:9      | Reached skill level 5 in Maces & Flails
  7216 | D:9      | Reached skill level 5 in Polearms
  7216 | D:9      | Reached skill level 5 in Staves
  7216 | D:9      | Reached skill level 5 in Slings
  7216 | D:9      | Reached skill level 5 in Bows
  7216 | D:9      | Reached skill level 5 in Crossbows
  7216 | D:9      | Reached skill level 5 in Throwing
  7216 | D:9      | Reached skill level 5 in Dodging
  7216 | D:9      | Reached skill level 5 in Stealth
  7216 | D:9      | Reached skill level 5 in Unarmed Combat
  7216 | D:9      | Reached skill level 5 in Spellcasting
  7216 | D:9      | Reached skill level 5 in Evocations
  7592 | D:9      | Noticed a two-headed ogre
  7950 | D:6      | Noticed Menkaure
  7972 | D:6      | Killed Menkaure
  8984 | D:6      | Noticed Pikel
  9017 | D:6      | Killed Pikel
  9064 | D:6      | Found a staircase to the Ecumenical Temple.
  9073 | Temple   | Entered the Ecumenical Temple
  9473 | Temple   | Became a worshipper of Warmaster Okawaru
  9567 | D:6      | Killed Grinder
  9738 | D:8      | Killed a cyclops
  9888 | D:8      | Reached * piety under Okawaru
  9982 | D:9      | Found a staircase to the Orcish Mines.
 10509 | D:9      | Killed a two-headed ogre
 10509 | D:9      | Reached ** piety under Okawaru
 10793 | D:10     | Entered Level 10 of the Dungeon
 10899 | D:11     | Found a transporter.
 10902 | D:11     | Found a transporter.
 10965 | D:11     | Reached XP level 11. HP: 64/87 MP: 19/19
 11092 | D:11     | Found a transporter.
 11092 | D:11     | Found a transporter.
 11259 | D:11     | Found a transporter.
 11261 | D:11     | Found a transporter.
 11303 | D:11     | Noticed a two-headed ogre
 11316 | D:11     | Killed a two-headed ogre
 11317 | D:11     | Reached skill level 5 in Conjurations
 11317 | D:11     | Reached skill level 5 in Hexes
 11317 | D:11     | Reached skill level 5 in Summonings
 11317 | D:11     | Reached skill level 5 in Necromancy
 11317 | D:11     | Reached skill level 5 in Translocations
 11317 | D:11     | Reached skill level 5 in Transmutations
 11317 | D:11     | Reached skill level 5 in Fire Magic
 11317 | D:11     | Reached skill level 5 in Ice Magic
 11317 | D:11     | Reached skill level 5 in Air Magic
 11317 | D:11     | Reached skill level 5 in Earth Magic
 11317 | D:11     | Reached skill level 5 in Poison Magic
 11705 | D:12     | Noticed a sun demon
 11722 | D:12     | Noticed a sixfirhy
 11724 | D:12     | Reached *** piety under Okawaru
 11954 | D:12     | Noticed Frances
 11954 | D:12     | Noticed a two-headed ogre
 11960 | D:12     | Noticed Sonja
 12248 | D:13     | Noticed Snorg
 12301 | D:13     | Noticed a centaur warrior
 12328 | D:13     | Killed a centaur warrior
 12339 | D:13     | Killed Snorg
 12746 | D:13     | Noticed a tengu warrior
 12818 | D:12     | Reached **** piety under Okawaru
 12992 | D:12     | Identified a scroll of acquirement
 13011 | D:12     | Noticed a deep elf pyromancer
 13025 | D:12     | Killed a deep elf pyromancer
 13026 | D:12     | Killed Sonja
 13543 | D:10     | Found a blossoming altar of Fedhas.
 13700 | D:10     | Reached XP level 12. HP: 84/96 MP: 22/22
 13932 | Lair:1   | Entered Level 1 of the Lair of Beasts
 14563 | Lair:1   | Identified the +1 robe of the Salmon {rN+ Int+7}
 14909 | Lair:1   | Received a gift from Okawaru
 15164 | Lair:2   | Gained mutation: You are weak. (Str -2) [potion of
                  | mutation]
 15164 | Lair:2   | Gained mutation: Armour fits poorly on your strangely
                  | shaped body. [potion of mutation]
 15164 | Lair:2   | Gained mutation: You have a pair of small antennae on your
                  | head. [potion of mutation]
 15167 | Lair:2   | Succumbed to a cane toad's poison

Illustrated notes

Levels and vault maps discovered:
D:1:      lightli_arrival_farm, layout_basic, hellmonk_ecumenical_altar_blasted
D:2:      layout_basic
D:3:      layout_basic, grunt_ministairs_11, uniq_natasha, uniq_robin
D:4:      layout_cave_pods, portal_sewer_entry_b, uniq_eustachio, uniq_sigmund,
          uniq_blork_the_orc
D:5:      layout_basic
D:6:      layout_loops_ring, lemuel_temple_firewalk_a, serial_bayou_lagoon_b,
          uniq_pikel, uniq_menkaure, uniq_grinder, uniq_maggie
D:7:      layout_gridville
D:8:      layout_gridville, nicolae_zen_rock_garden, st_stairs_10
D:9:      layout_basic, erik_lair_orcish_takeover, erik_orc_1
D:10:     layout_roguey, fedhas_altar_fruit_tree
D:11:     layout_roguey, serial_nicolae_subway, nicolae_sub_station_metal,
          nicolae_sub_station_crystal, nicolae_sub_station_stone
D:12:     layout_roguey, uniq_frances, uniq_sonja
D:13:     layout_gridville, david_vaults_4, uniq_snorg
Temple:   mainiacjoe_temple_trianglar_array
Lair:1:   layout_cave_shapes
Lair:2:   layout_hall_layers, elwin_shoals_entry_rocks,
          portal_ice_cave_entry_pillars_2, minmay_holes, serial_bayou_shore_b,
          lemuel_fruit_tree, infiniplex_staircase_pool

Skill      XL: |  1  2  3  4  5  6  7  8  9 10 11 12 |
---------------+-------------------------------------+-----
Invocations    | 1 2 3 4 5 6 7 |  7.7
Short Blades   | 1 2 3 4 5 6 7 |  7.0
Long Blades    | 1 2 3 4 5 6 7 |  7.0
Maces & Flails | 1 2 3 4 5 6 7 |  7.0
Polearms       | 1 2 3 4 5 6 7 |  7.0
Staves         | 1 2 3 4 5 6 7 |  7.0
Slings         | 1 2 3 4 5 6 7 |  7.0
Bows           | 1 2 3 4 5 6 7 |  7.0
Crossbows      | 1 2 3 4 5 6 7 |  7.0
Throwing       | 1 2 3 4 5 6 7 |  7.0
Dodging        | 1 2 3 4 5 6 7 |  7.0
Stealth        | 1 2 3 4 5 6 7 |  7.0
Unarmed Combat | 1 2 3 4 5 6 7 |  7.0
Spellcasting   | 1 2 3 4 5 6 7 |  7.0
Evocations     | 1 2 3 4 5 6 7 |  7.0
Conjurations   | 1 2 3 4 5 |  5.8
Hexes          | 1 2 3 4 5 |  5.8
Summonings     | 1 2 3 4 5 |  5.8
Necromancy     | 1 2 3 4 5 |  5.8
Translocations | 1 2 3 4 5 |  5.8
Transmutations | 1 2 3 4 5 |  5.8
Fire Magic     | 1 2 3 4 5 |  5.8
Ice Magic      | 1 2 3 4 5 |  5.8
Air Magic      | 1 2 3 4 5 |  5.8
Earth Magic    | 1 2 3 4 5 |  5.8
Poison Magic   | 1 2 3 4 5 |  5.8
Axes           | 5 6 7 8 |  8.5
Fighting       | 7 8 9 |  9.7
Armour         | 7 8 9 |  9.7
Shields        | 7 8 9 |  9.7

Action                   |  1- 3 |  4- 6 |  7- 9 | 10-12 || total
-------------------------+-------+-------+-------+-------++-------
Melee: War axe           |    84 |    57 |    16 |       ||   157
       Bite              |     4 |     9 |    38 |    67 ||   118
       Dagger            |       |   110 |    13 |       ||   123
       Rapier            |       |    14 |   348 |   599 ||   961
Invok: Heroism           |       |       |       |     7 ||     7
Evoke: Wand              |       |       |       |    14 ||    14
  Use: Potion            |     1 |     4 |     4 |     7 ||    16
       Scroll            |       |       |    11 |     6 ||    17
 Stab: Invisible         |       |     1 |     2 |       ||     3
       Confused          |       |       |       |     2 ||     2
       Distracted        |       |       |       |     1 ||     1
Armor: Scale mail        |    56 |    68 |    94 |       ||   218
       Chain mail        |       |       |   148 |   344 ||   492
Dodge: Dodged            |    47 |    92 |   175 |   200 ||   514
Block: Buckler           |    33 |    47 |   126 |   152 ||   358

Table legend: (Time is in decaauts)
 A = Elapsed time spent in this place.
 B = Non-inter-level travel time spent in this place.
 C = Inter-level travel time spent in this place.
 D = Time resting spent in this place.
 E = Time spent auto-exploring this place.
 F = Levels seen in this place.
 G = Mean time per level.
                   A        B        C        D        E       F      G
               +--------+--------+--------+--------+--------+-----+--------+
         Total |  15220 |  14502 |    718 |   1127 |   9494 |  17 |  895.3 |
       Dungeon |  13074 |  12444 |    630 |    976 |   8067 |  13 | 1005.7 |
        Temple |    437 |    369 |     68 |      0 |    363 |   1 |  437.0 |
          Lair |   1221 |   1202 |     19 |      0 |    855 |   2 |  610.5 |
         Sewer |    487 |    487 |      0 |    151 |    209 |   1 |  487.0 |
               +--------+--------+--------+--------+--------+-----+--------+

Top non-repeatable levels by time:
     D:9: 2417 daAuts
     D:8: 1376 daAuts
     D:3: 1258 daAuts
  Lair:1: 1014 daAuts
     D:5: 1000 daAuts
     D:4: 945 daAuts
     D:6: 934 daAuts
    D:11: 911 daAuts
     D:1: 878 daAuts
    D:13: 781 daAuts
    D:10: 691 daAuts
     D:2: 633 daAuts
    D:12: 632 daAuts
     D:7: 613 daAuts
   Sewer: 487 daAuts
